Map: Persephone LE

Players

Sindyr

  • Race: Zerg Zerg
  • League: Master
  • Spawn Location: 7:00

Optimus - Winner!

  • Race: Terran Terran
  • League: Gold
  • Spawn Location: 11:00

VOD

Have the link to the VOD?

Description

Time

  • Played on: Sept. 24, 2025, 6:13 p.m.
  • Length: 16:19
Show
View Real Time Build Order
Export as new Build Order

Sindyr Zerg 

Build Orders: Hatch First 

Get SALT Encoding   

  12  0:01  Drone  
  13  0:13  Overlord  
  13  0:26  Drone  
  14  0:34  Drone x2  
  16  0:49  Hatchery  
  15  0:53  Drone  
  15  0:56  Drone  
  17  0:59  Extractor  
  17  1:01  Drone  
  17  1:17  Spawning Pool  
  16  1:20  Drone  
  16  1:25  Drone  
  18  1:34  Drone  
  19  1:42  Drone  
  20  2:06  Overlord  
  20  2:13  Queen x2  
  24  2:15  Zergling x2  
  24  2:16  Zergling x6  
  24  2:21  Metabolic Boost  
  28  2:47  Drone x6  
  34  2:52  Extractor  
  33  2:59  Drone x2  
  35  3:13  Drone  
  35  3:15  Overlord  
  36  3:33  Extractor  
  35  3:35  Roach Warren, Lair  
  35  3:36  Evolution Chamber, Drone  
  35  3:37  Drone x5  
  35  3:38  Drone  
  40  3:46  Drone x3  
  43  4:04  Drone  
  43  4:05  Spine Crawler x2  
  43  4:06  Overlord  
  42  4:19  Zerg Missile Weapons Level 1  
  42  4:26  Drone  
  42  4:27  Drone x2  
  42  4:28  Spore Crawler  
  44  4:40  Hatchery  
  43  4:48  Drone x3, Spore Crawler  
  43  4:49  Glial Reconstitution  
  45  4:54  Evolution Chamber  
  45  4:56  Drone x3  
  47  5:06  Drone  
  47  5:07  Drone x2  
  50  5:08  Drone, Extractor  
  50  5:30  Zerg Ground Armor Level 1  
  50  5:44  Queen  
  50  5:46  Overlord x3  
  52  5:51  Queen  
  52  5:52  Queen  
  56  5:58  Hatchery  
  55  6:04  Hydralisk Den  
  55  6:09  Spore Crawler  
  53  6:16  Drone x10  
  53  6:17  Drone  
  64  6:22  Zerg Missile Weapons Level 2  
  64  7:00  Extractor  
  64  7:01  Drone x3  
  66  7:11  Drone x2  
  66  7:12  Drone x3, Infestation Pit  
  70  7:27  Zerg Ground Armor Level 2  
  70  7:33  Muscular Augments  
  70  7:49  Hive  
  70  7:54  Burrow  
  70  8:13  Drone x3  
  70  8:14  Drone x2  
  70  8:15  Overlord x2  
  75  8:27  Queen  
  75  8:29  Drone x2  
  75  8:30  Drone  
  80  8:47  Hydralisk x8  
  96  8:50  Overlord  
  96  8:51  Overlord x6  
  96  8:52  Overlord x5  
  96  9:16  Spore Crawler  
  95  9:18  Spore Crawler  
  94  9:36  Zerg Missile Weapons Level 3  
  92  9:58  Hydralisk x3  
  92  9:59  Roach x4, Hydralisk x2  
  110  10:00  Roach x4, Hydralisk x4  
  110  10:01  Roach x3, Infestor, Hydralisk  
  110  10:02  Roach x3, Hydralisk  
  110  10:03  Hydralisk  
  110  10:04  Infestor x2, Roach x2, Hydralisk x4  
  110  10:05  Roach x3  
  164  10:09  Neural Parasite  
  164  10:13  Grooved Spines  
  163  10:17  Zergling x16  
  153  10:33  Roach x8, Zergling x2  
  153  10:34  Roach x3, Zergling x2  
  146  10:53  Extractor x2  
  85  11:29  Roach x8  
  85  11:30  Roach x9, Zergling x14  
  116  11:42  Drone  
  117  11:47  Drone  
  117  11:51  Extractor  
  117  12:06  Extractor  
  117  12:07  Unknown  
  97  12:35  Roach x3, Zergling x14  
  97  12:36  Zergling x10, Roach x4  
  93  12:45  Zerg Ground Armor Level 3, Zerg Melee Weapons Level 1  
  93  12:47  Adrenal Glands  
  93  13:17  Roach x7  
  93  13:18  Roach x11  
  129  14:01  Roach x16, Zergling x2  
  129  14:02  Roach x2  
  140  14:34  Zergling x8  
  140  14:35  Overlord x3  
  140  14:36  Overlord x6  
  142  14:53  Zergling x20  
  142  14:54  Zergling x12  
  128  15:02  Zergling x2  
  101  15:12  Roach  
  101  15:13  Roach x6  
  101  15:14  Roach x3  
  108  15:16  Zergling x2  
  108  15:17  Zergling x10  
  103  15:33  Roach x7  
Show
View Real Time Build Order
Export as new Build Order

Optimus Terran - Winner!

Build Orders: Mech 

Get SALT Encoding   

  12  0:21  SCV  
  13  0:39  Supply Depot  
  13  0:40  SCV  
  14  0:52  SCV  
  15  1:02  Barracks  
  15  1:04  SCV  
  16  1:16  SCV  
  17  1:18  Refinery  
  17  1:28  SCV  
  18  1:40  SCV  
  19  1:53  Orbital Command  
  19  1:56  Marine  
  19  1:57  Supply Depot  
  20  2:11  Command Center  
  20  2:14  Marine  
  21  2:28  SCV  
  22  2:39  Barracks Reactor  
  22  2:40  SCV  
  23  2:44  Refinery  
  23  2:52  SCV  
  24  3:07  Factory  
  24  3:08  SCV  
  25  3:22  Orbital Command  
  25  3:26  Marine  
  25  3:27  Marine  
  27  3:43  SCV  
  27  3:44  Marine x2  
  30  3:52  Orbital Command  
  30  3:56  Factory Tech Lab  
  30  4:00  SCV, Starport  
  30  4:02  Marine x2  
  33  4:12  SCV  
  34  4:17  SCV  
  34  4:19  Marine  
  34  4:20  Marine  
  37  4:24  SCV, Siege Tank  
  37  4:29  Engineering Bay, SCV  
  42  4:36  SCV  
  42  4:37  Marine  
  42  4:38  Marine  
  44  4:41  SCV, Starport Reactor  
  44  4:44  Barracks  
  46  4:57  Armory  
  46  4:58  Supply Depot  
  46  5:01  Supply Depot x2  
  46  5:02  Supply Depot  
  46  5:20  Marine x2, Medivac x2, SCV x2  
  54  5:22  Siege Tank  
  54  5:26  Supply Depot  
  57  5:32  Barracks, SCV x2  
  59  5:36  Missile Turret  
  59  5:37  Terran Infantry Weapons Level 1, Marine x2  
  61  5:44  SCV x2  
  61  5:45  Barracks Tech Lab  
  63  5:55  Marine x2  
  63  5:56  SCV x2  
  67  5:58  Refinery  
  67  5:59  Refinery  
  67  6:08  SCV x2  
  69  6:11  Command Center  
  69  6:16  Terran Vehicle Weapons Level 1  
  69  6:20  SCV x2  
  69  6:21  Engineering Bay  
  69  6:25  Barracks Reactor  
  71  6:27  Stimpack  
  71  6:33  SCV x2  
  73  6:44  Supply Depot  
  73  6:45  SCV x2, Supply Depot  
  73  6:46  Supply Depot  
  75  6:55  Marauder  
  75  6:56  Marine  
  75  6:57  Marine, SCV x2  
  75  7:00  Viking  
  83  7:05  Viking  
  85  7:09  SCV x2  
  85  7:14  Marine x2  
  89  7:17  Marauder  
  89  7:21  SCV x2  
  93  7:24  Infernal Pre-Igniter  
  93  7:25  Refinery  
  93  7:31  Marine  
  93  7:32  Marine  
  93  7:33  SCV x2  
  97  7:38  Marauder  
  97  7:42  Factory  
  97  7:43  Viking  
  97  7:44  Factory  
  101  7:45  SCV  
  101  7:46  Orbital Command  
  101  7:49  Marine  
  101  7:50  Marine  
  104  7:51  Refinery  
  104  7:52  SCV  
  104  7:57  SCV  
  106  7:59  Marauder  
  106  8:02  Marine x2  
  106  8:04  SCV  
  111  8:07  Marine  
  111  8:08  Marine  
  111  8:09  Terran Infantry Weapons Level 2, SCV  
  114  8:14  Terran Infantry Armor Level 1  
  114  8:18  Terran Vehicle And Ship Armor Level 1  
  114  8:20  Marine x2  
  114  8:21  Marauder  
  114  8:25  Marine  
  114  8:26  Marine  
  120  8:36  Viking x2  
  120  8:37  Marine  
  120  8:38  Marine  
  126  8:42  Marauder, Smart Servos  
  128  9:04  Marauder  
  128  9:06  Viking  
  132  9:33  Marauder  
  128  9:38  Marine  
  128  9:39  Marine x3  
  132  9:53  Hellbat  
  132  9:54  Medivac x2  
  132  9:55  Marauder  
  132  9:56  Marine  
  132  9:57  Marine x3  
  137  10:14  Marine x3  
  137  10:15  Marine, Hellbat  
  137  10:16  Marauder  
  137  10:24  Medivac x2  
  141  10:32  Marine x4  
  135  10:36  Hellbat  
  135  10:38  Marauder  
  112  10:49  Marine  
  104  10:50  Terran Infantry Armor Level 2, Terran Infantry Weapons Level 3, Marine x3  
  104  10:52  Terran Vehicle And Ship Armor Level 2  
  104  10:54  Medivac x2  
  112  10:58  Hellbat  
  112  10:59  Marauder  
  116  11:05  Combat Shield  
  116  11:07  Marine  
  116  11:08  Marine x3  
  120  11:19  Hellbat  
  120  11:20  Marauder  
  120  11:24  Medivac  
  120  11:25  Marine  
  117  11:51  Supply Depot  
  117  11:53  Supply Depot  
  117  12:12  Marine x4  
  117  12:13  Medivac x2  
  117  12:15  Refinery, Marauder, Supply Depot  
  127  12:19  Refinery  
  127  12:21  Refinery  
  115  12:30  Marine x4  
  115  12:37  Marauder  
  114  12:42  Medivac x2  
  114  12:43  Command Center  
  118  12:45  Command Center  
  118  12:48  Marine x4  
  122  12:53  Refinery  
  122  12:55  Barracks  
  122  12:58  Marauder  
  124  13:01  Barracks  
  124  13:02  Barracks  
  124  13:03  Barracks x2  
  124  13:04  Barracks  
  124  13:06  Marine x4  
  124  13:07  Terran Vehicle Weapons Level 2  
  124  13:11  Concussive Shells  
  128  13:12  Medivac  
  128  13:14  Factory Reactor  
  128  13:17  Factory Reactor  
  128  13:19  Marine  
  131  13:24  Marine x4  
  127  13:37  Marauder  
  129  13:42  Marine x4  
  131  13:58  Marauder  
  131  13:59  Marine x4  
  131  14:20  Marauder  
  135  14:45  Marauder  
  135  14:47  Barracks Reactor x5  
  135  14:49  Marine x2  
  135  14:50  Marine x2  
  124  15:07  Marine x2, Marauder  
  110  15:08  Marine x2  
  108  15:24  Marine  
  108  15:25  Marine  
  108  15:26  Marine x2  
  108  15:28  Marauder  
  106  15:35  Marine  
  107  15:36  Marine x9  
  107  15:42  Marine  
  116  15:43  Marine  
  116  15:44  Marine x2  
  116  15:49  Marauder  
  122  15:53  Marine x2  
  122  15:54  Marine x8  
  122  15:56  Hellbat x5  
  142  16:00  Marine  
  142  16:01  Marine  
Tags
 
Composition
Mech
Matchup
TvZ
Replay Pack
Multiplayer
Spawn Locations
Close Positions
Add a new tag
Caveats
  • Supply blocks, unpowered buildings, or Contaminate may cause inaccurate times.
  • Supply counts are checked every 10 seconds.